 Dungeon Crawl Stone Soup version 0.24-a0-736-g4e6fe308c7 (webtiles) character file.

Game seed: 16422990310626124453, levelgen mode: deterministic

446 Kohma the Conjurer (level 6, -15/51 HPs)
             Began as a Draconian Conjurer on Oct 2, 2019.
             Blown up by Blork the orc (30 damage)
             ... with a disintegration bolt
             ... on level 4 of the Dungeon.
             The game lasted 00:13:08 (4789 turns).

Kohma the Conjurer (Draconian Conjurer)             Turns: 4789, Time: 00:13:08

Health: -15/51     AC:  6    Str: 10    XL:     6   Next: 73%
Magic:  6/11       EV: 12    Int: 17    God:
Gold:   189        SH:  0    Dex: 12    Spells: 9/12 levels left

rFire    . . .     SeeInvis .   s - +2 hunting sling (flame)
rCold    . . .     Gourm    .   (no shield)
rNeg     . . .     Faith    .   (armour unavailable)
rPois    .         Spirit   .   (helmet restricted)
rElec    .         Reflect  .   (no cloak)
rCorr    .         Harm     .   (no gloves)
MR       .....                  (no boots)
Stlth    ++........             (no amulet)
HPRegen  0.17/turn              (no ring)
MPRegen  0.12/turn              (no ring)

@: no status effects
A: unfitting armour, cold-blooded, AC +6
a: no special abilities


You were on level 4 of the Dungeon.
You were not hungry.

You visited 1 branch of the dungeon, and saw 4 of its levels.

You collected 189 gold pieces.

Inventory:

Hand Weapons
 b - a +2 dagger of flaming
 d - a +1 hand axe of flaming
 n - a +0 short sword
 s - a +2 hunting sling of flaming (weapon)
 B - a +1 mace of protection
Missiles
 e - 134 stones (quivered)
 h - 2 curare-tipped darts
 i - 3 javelins
 j - 13 sling bullets
 p - 39 arrows
 A - 24 bolts
Wands
 v - a wand of scattershot (4)
Scrolls
 a - a scroll of teleportation {unknown}
 c - 2 scrolls of blinking {unknown}
 f - a scroll of enchant armour {unknown}
 k - 3 scrolls of remove curse
 m - 2 scrolls of random uselessness {unknown}
 o - a scroll of amnesia
 u - a scroll of immolation
 w - a scroll of fear {unknown}
 x - a scroll of enchant weapon {unknown}
Potions
 g - a potion of agility {unknown}
 q - a potion of curing
 r - a potion of heal wounds {unknown}
 t - 3 potions of lignification
 z - a potion of flight {unknown}
 C - a potion of might {unknown}
Comestibles
 l - a chunk of flesh


   Skills:
 + Level 3.5 Fighting
 - Level 1.7 Dodging
 - Level 1.7 Stealth
 + Level 3.7 Spellcasting
 * Level 6.4 Conjurations


You had 9 spell levels left.
You knew the following spells:

 Your Spells              Type           Power        Failure   Level  Hunger
a - Magic Dart            Conj           ####         1%          1    None
b - Searing Ray           Conj           ####..       1%          2    ##.....

Your spell library contained the following spells:

 Spells                   Type           Power        Failure   Level  Hunger
 Iskenderun's Mystic Bla  Conj           ####....     12%         4    ####...
 Dazzling Spray           Conj/Hex       ##....       13%         3    ###....
 Force Lance              Conj/Tloc      ##......     41%         4    ####...
 Fulminant Prism          Conj/Hex       ##........   41%         4    ####...


Dungeon Overview and Level Annotations

Branches:
Dungeon (4/15)
 Temple: D:4-7

Altars:
Ashenzari
Fedhas

Annotations:
D:4 Blork the orc


Innate Abilities, Weirdness & Mutations

Your plain brown scales are hard. (AC +6)
You cannot fit into any form of body armour.
You are cold-blooded and may be slowed by cold attacks.


Message History

c - 2 scrolls labeled SARIKO LYCEA (gained 1) Blork the orc screams, "I'm going to kill you!"
Blork the orc casts a cantrip, but nothing happens.
Okay, then.
You feel better.
Blork the orc screams, "I'll make a cloak from your skin!"
Casting: Magic Dart (safe; 1% risk of failure)
Confirm with . or Enter, or press ? or * to list all spells.
Aiming: Searing Ray (safe; 1% risk of failure)
Press: ? - help, Shift-Dir - straight line, f/p - Blork the orc
Aim: Blork the orc, wielding a +0 short sword, wearing a +0 robe and carrying a wand of disintegration (10) (heavily wounded)
The searing ray hits Blork the orc.
Blork the orc is heavily wounded. (Press . to maintain the ray.) Blork the orc hits you but does no damage.
The searing ray hits Blork the orc.
Blork the orc is severely wounded.
Blork the orc zaps a wand.
You are blasted!
Ouch! That really hurt!
You die...

...o..........................
#########.#...................
#.#####........#####..
#.o..>..........##.)..
########........#.......
................#..#.#..
........#.......#..#.#..
.$.....o#.......#....#..
.......@#######.###.##..
######....%S....# #..#..
########### ##.#.. ..#. #.#


You could see Blork the orc and an adder (sleeping).

Vanquished Creatures
  Duvessa (D:4)
  Dowan (D:4)
  A quasit (D:1)
  3 orc wizards (D:4)
  Robin (D:2)
  5 adders
  An ooze (D:3)
  A worm (D:4)
  6 leopard geckos
  8 orcs
  A ball python (D:1)
  3 bats (D:1)
  8 giant cockroaches
  18 goblins
  11 hobgoblins
  6 jackals
  5 frilled lizards
  6 kobolds
  2 rats
88 creatures vanquished.

Notes
Turn   | Place    | Note
-------+----------+-------------------------------------------
     0 | D:1      | Kohma the Draconian Conjurer began the quest for the Orb.
     0 | D:1      | Reached XP level 1. HP: 14/14 MP: 3/3
   310 | D:1      | Reached XP level 2. HP: 22/22 MP: 0/5
   936 | D:1      | Reached skill level 1 in Fighting
  1309 | D:1      | Found a shattered altar of Ashenzari.
  1333 | D:1      | Reached XP level 3. HP: 28/28 MP: 0/6
  1343 | D:1      | Learned a level 2 spell: Searing Ray
  2246 | D:2      | Noticed Robin
  2318 | D:1      | Reached skill level 5 in Conjurations
  2318 | D:1      | Reached XP level 4. HP: 25/36 MP: 0/8
  2485 | D:2      | Killed Robin
  3436 | D:3      | Reached XP level 5. HP: 38/41 MP: 1/9
  3633 | D:3      | Found a blossoming altar of Fedhas.
  4064 | D:3      | Found a faded altar of an unknown god.
  4305 | D:4      | Reached XP level 6. HP: 41/51 MP: 1/11
  4324 | D:4      | Noticed Duvessa
  4326 | D:4      | Noticed Dowan
  4500 | D:4      | Killed Duvessa
  4500 | D:4      | Reached skill level 6 in Conjurations
  4503 | D:4      | Killed Dowan
  4765 | D:4      | Noticed Blork the orc
  4769 | D:4      | HP: 1/51 [disintegration (21)]
  4789 | D:4      | Blown up by Blork the orc

Levels and vault maps discovered:
D:1:      psy_arrival_terrarium, layout_basic, ashenzari_altar_1
D:2:      layout_basic, uniq_robin
D:3:      layout_basic, lemuel_doored_altar, chequers_ecumenical_altar_twisty
D:4:      layout_basic, lemuel_crystal_altar, kennysheep_mini_moat,
          uniq_duvessa, uniq_blork_the_orc

Skill      XL: |  1  2  3  4  5  6 |
---------------+-------------------+-----
Fighting       | 1 2 3 |  3.5
Conjurations   | 5 6 |  6.4
Spellcasting   | 3 |  3.7
Dodging        | |  1.7
Stealth        | |  1.7

Action                   |  1- 3 |  4- 6 || total
-------------------------+-------+-------++-------
Melee: Unarmed           |    22 |       ||    22
       Tailslap          |     6 |     1 ||     7
       Club              |    32 |       ||    32
       Short sword       |    15 |       ||    15
       Hunting sling     |       |     1 ||     1
 Fire: Hunting sling     |       |    27 ||    27
Throw: Javelin           |     7 |       ||     7
       Stone             |     4 |       ||     4
 Cast: Magic Dart        |    53 |   104 ||   157
       Searing Ray       |     3 |     9 ||    12
  Use: Scroll            |       |     6 ||     6
       Potion            |       |     1 ||     1
 Stab: Sleeping          |     1 |       ||     1
  Eat: Chunk             |     4 |     6 ||    10
       Ration            |       |     1 ||     1
Armor: Skin              |    43 |    21 ||    64
Dodge: Dodged            |    95 |    37 ||   132

Table legend:
 A = Non-vault XP
 B = Vault XP
 C = Vault XP percentage of total XP
 D = Non-vault monster count
 E = Vault monster count
 F = Vault count percentage of total count
                 A         B        C        D         E       F
            +---------+---------+-------+---------+---------+-------
      Total |     370 |     268 |  42.0 |      74 |      14 |  15.9
            +---------+---------+-------+---------+---------+-------
        D:1 |      90 |       0 |   0.0 |      27 |       0 |   0.0
        D:2 |      49 |      38 |  43.7 |      13 |      12 |  48.0
        D:3 |      92 |       0 |   0.0 |      25 |       0 |   0.0
        D:4 |     139 |     230 |  62.3 |       9 |       2 |  18.2
            +---------+---------+-------+---------+---------+-------
